Influenza vs Wolfes
Created - December 19, 2020 at 19:11
Goals
|
Influenza |
1 |
1 |
0 |
2 |
Wolfes |
0 |
3 |
0 |
3 |
|
Shots
|
Influenza |
17 |
8 |
11 |
36 |
Wolfes |
7 |
16 |
12 |
35 |
|
1st period
1. Influenza , JT Compher 10 (Pavel Zacha 12) at 1:54
Penalties :
No Penalty
2nd period
2. Influenza , Lucas Lessio 10 (Bo Horvat 18) at 6:00 (SH)
3. Wolfes , Alexandre Grenier 13 (Jamie Oleksiak 19, Damon Severson 13) at 7:38 (SH)
4. Wolfes , Max Friberg 22 (Lawson Crouse 3, Kyle Rau 14) at 10:05 (PP)
5. Wolfes , Jamie Oleksiak 3 (Max Friberg 13, Lawson Crouse 4) at 11:33 (PP)
Penalties :
Iiro Pakarinen (VJB) for Roughing (Minor) at 5:05, Martin Hanzal (RIM) for Interference (Minor) at 6:50, Pavel Zacha (VJB) for Interference (Minor) at 8:43, Colton Sissons (VJB) for Hooking (Minor) at 9:39, Nolan Vesey (RIM) for Tripping (Minor) at 12:22
3rd period
No Goal
Penalties :
Pavel Zacha (VJB) for Hooking (Minor) at 7:05, Dmitry Sinitsyn (VJB) for Interference (Minor) at 16:29
Goalie Stats
Malcolm Subban (VJB), 32 saves from 35 shots - (0.914), L, 7-11-1, 58:56 minutes
Laurent Brossoit (RIM), 34 saves from 36 shots - (0.944), W, 12-7-2, 60:00 minutes
Players Stats for Influenza
Player Name G A P +/- PIM S H SB GA TA FO MP PP MP PK MP
------------------------------------------------------------------------------------
Bo Horvat 0 1 1 0 0 4 3 1 0 0 12/28 20:14 2:01 1:28
Brock Boeser 0 0 0 0 0 0 2 0 1 2 0/0 10:34 0:00 0:00
Colton Sissons 0 0 0 0 2 2 0 0 1 0 3/8 14:32 0:00 4:16
Dmitry Sinitsyn 0 0 0 1 2 0 0 1 0 0 0/0 16:41 0:00 1:58
Iiro Pakarinen 0 0 0 0 2 2 2 1 0 0 2/5 18:21 2:11 1:58
JT Compher 1 0 1 1 0 3 0 0 0 0 0/0 13:43 1:37 0:00
Justin Bailey 0 0 0 0 0 0 0 1 1 0 1/2 16:53 1:27 0:00
Lucas Lessio 1 0 1 1 0 2 0 0 0 0 0/0 11:30 0:00 1:26
Mark Giordano 0 0 0 0 0 2 3 4 0 0 0/0 28:34 2:19 5:31
Markus Nutivaara 0 0 0 1 0 3 0 3 0 0 0/0 20:45 1:45 0:58
Max Domi 0 0 0 -1 0 3 0 0 1 0 2/2 18:48 2:01 0:02
Noah Hanifin 0 0 0 0 0 1 0 0 0 1 0/0 12:53 1:19 0:00
Pavel Zacha 0 1 1 1 4 3 3 0 0 0 2/10 15:35 1:36 0:44
Roland McKeown 0 0 0 1 0 1 1 1 0 0 0/0 15:09 0:00 2:56
Ryan Dzingel 0 0 0 0 0 3 1 0 2 1 0/0 9:07 0:00 1:21
Shane Prince 0 0 0 0 0 2 0 0 0 0 1/3 7:46 0:00 0:00
Tim Erixon 0 0 0 -1 0 1 2 0 0 2 0/0 25:41 1:53 5:31
Tom Kuhnhackl 0 0 0 0 0 4 0 0 0 0 1/1 13:56 0:00 5:12
Players Stats for Wolfes
Player Name G A P +/- PIM S H SB GA TA FO MP PP MP PK MP
------------------------------------------------------------------------------------
Alexandre Grenier 1 0 1 1 0 8 2 2 0 0 0/2 21:46 4:19 2:19
Anton Karlsson 0 0 0 0 0 0 0 0 0 0 1/1 0:52 0:00 0:52
Anton Lindholm 0 0 0 0 0 0 0 0 0 0 0/0 11:58 0:00 0:00
Benn Ferriero 0 0 0 0 0 1 2 1 1 1 0/0 11:47 0:00 0:00
Blake Pietila 0 0 0 0 0 2 3 0 0 0 1/1 19:18 4:02 0:34
Cameron Darcy 0 0 0 0 0 0 0 0 0 0 0/0 1:10 0:00 0:00
Damon Severson 0 1 1 0 0 3 4 3 1 1 0/0 29:46 6:06 2:27
Eric Robinson 0 0 0 0 0 0 0 0 0 0 0/0 7:24 0:00 0:00
Fredrik Olofsson 0 0 0 0 0 0 0 0 0 0 0/0 0:00 0:00 0:00
Jakub Zboril 0 0 0 0 0 0 0 1 0 0 0/0 11:58 0:00 0:00
Jamie Oleksiak 1 1 2 0 0 5 2 0 2 1 0/0 29:46 6:06 2:27
Jeffrey Foss 0 0 0 -1 0 0 1 0 0 1 0/0 18:16 2:21 1:11
Joe Morrow 0 0 0 -1 0 0 1 3 0 0 0/0 18:16 2:21 1:11
Kevin Stenlund 0 0 0 0 0 0 0 0 0 0 0/0 0:00 0:00 0:00
Kyle Rau 0 1 1 -2 0 2 1 0 1 0 8/15 16:34 4:08 0:00
Lawson Crouse 0 2 2 -2 0 1 0 0 0 1 1/2 17:16 4:05 0:45
Martin Hanzal 0 0 0 0 2 3 0 0 0 0 19/31 21:25 4:18 1:09
Matthew Highmore 0 0 0 0 0 0 0 0 0 0 1/1 7:24 0:00 0:00
Max Friberg 1 1 2 -2 0 6 4 2 1 1 0/0 17:08 4:08 0:34
Nolan Vesey 0 0 0 0 2 2 1 0 0 0 0/0 11:52 0:00 0:00
Sebastian Aho 0 0 0 0 0 1 2 1 0 0 2/4 12:16 0:00 0:29
Thomas Spelling 0 0 0 0 0 1 0 0 0 0 0/0 7:24 0:00 0:00
Vaclav Karabacek 0 0 0 0 0 0 0 0 0 0 0/0 0:00 0:00 0:00
Victor Olofsson 0 0 0 1 0 0 0 0 0 0 2/2 2:24 0:20 0:34
Zachary Senyshyn 0 0 0 0 0 0 0 0 0 0 0/0 0:00 0:00 0:00
3 Stars
1 - Jamie Oleksiak (RIM)
2 - Max Friberg (RIM)
3 - Alexandre Grenier (RIM)
Power Play
Influenza - 0 on 2 Attempt(s) - 0.00%
Wolfes - 2 on 5 Attempt(s) - 40.00%
Penalty Kill
Influenza - 3 on 5 Attempt(s) - 60.00%
- Score 1 goal in Penalty Kill
Wolfes - 2 on 2 Attempt(s) - 100.00%
- Score 1 goal in Penalty Kill
Team Stat
Influenza - Hits : 17 - Faceoff Wins : 24 - Blocked Shots : 12 - Penalty Minutes : 10
Wolfes - Hits : 23 - Faceoff Wins : 35 - Blocked Shots : 13 - Penalty Minutes : 4
Official
Referees : Unknown
Linesman : Unknown
Game Notes
9:57 of 2nd period - Wolfes goal is going for a video replay. After video review, No Goal. The puck has been kicked using a distinct kicking motion.
Finance
Level 1 -- Attendance: 1280 (64.00%) -- Ticket Income $51,200
Level 2 -- Attendance: 712 (71.20%) -- Ticket Income $14,240
Total Attendance: 1992 (66.40%)
Total Ticket Income: $65,440
Other Income: $3,272
Total Income: $68,712
Influenza
5 vs 5 Forward
Center Left Wing Right Wing Time % Phy DF OF
1 Bo Horvat Max Domi Justin Bailey 40 1 2 2
2 Pavel Zacha JT Compher Iiro Pakarinen 30 1 2 2
3 Colton Sissons Lucas Lessio Brock Boeser 20 1 2 2
4 Shane Prince Ryan Dzingel Tom Kuhnhackl 10 1 2 2
5 vs 5 Defense
Defense Defense Time % Phy DF OF
1 Mark Giordano Markus Nutivaara 40 1 2 2
2 Tim Erixon Dmitry Sinitsyn 30 1 2 2
3 Noah Hanifin Roland McKeown 20 1 2 2
4 Mark Giordano Tim Erixon 10 1 2 2
PowerPlay Forward
Center Left Wing Right Wing Time % Phy DF OF
1 Bo Horvat Max Domi Justin Bailey 60 1 2 2
2 Pavel Zacha JT Compher Iiro Pakarinen 40 1 2 2
PowerPlay Defense
Defense Defense Time % Phy DF OF
1 Markus Nutivaara Mark Giordano 60 1 2 2
2 Tim Erixon Noah Hanifin 40 1 2 2
Penalty Kill 4 Players Forward
Center Wing Time % Phy DF OF
1 Colton Sissons Tom Kuhnhackl 60 1 2 2
2 Bo Horvat Lucas Lessio 40 1 2 2
Penalty Kill 4 Players Defense
Defense Defense Time % Phy DF OF
1 Tim Erixon Mark Giordano 60 1 2 2
2 Roland McKeown Dmitry Sinitsyn 40 1 2 2
Penalty Kill - 3 Players Forward
Forward Time % Phy DF OF
1 Colton Sissons 60 1 2 2
2 Bo Horvat 40 1 2 2
Penalty Kill - 3 Players Defense
Defense Defense Time % Phy DF OF
1 Tim Erixon Mark Giordano 60 1 2 2
2 Roland McKeown Dmitry Sinitsyn 40 1 2 2
4 vs 4 Forward
Center Wing Time % Phy DF OF
1 Bo Horvat Max Domi 60 1 2 2
2 Colton Sissons Iiro Pakarinen 40 1 2 2
4 vs 4 Defense
Defense Defense Time % Phy DF OF
1 Tim Erixon Mark Giordano 60 1 2 2
2 Markus Nutivaara Dmitry Sinitsyn 40 1 2 2
Last Minutes Offensive
Center Left Wing Right Wing Defense Defense
Bo Horvat Max Domi Iiro Pakarinen Tim Erixon Mark Giordano
Last Minutes Defensive
Center Left Wing Right Wing Defense Defense
Bo Horvat Max Domi Iiro Pakarinen Tim Erixon Mark Giordano
Goaltenders
Starting : Malcolm Subban
Backup : Charlie Lindgren
Extra Forwards
Normal : Pavel Zacha, Iiro Pakarinen, Justin Bailey - PP : Iiro Pakarinen, Colton Sissons - PK : Iiro Pakarinen
Extra Defensemen
Normal : Markus Nutivaara, Dmitry Sinitsyn, Roland McKeown - PP : Markus Nutivaara - PK : Dmitry Sinitsyn, Roland McKeown
Penalty Shots
Bo Horvat, Colton Sissons, JT Compher, Tom Kuhnhackl, Max Domi
Scratches
Jeff Corbett (Healthy), Aleksi Saarela (Healthy), Henri Ikonen (Healthy), Johan Larsson (Healthy), Jakob Forsbacka-Karlsson (Healthy)
Blake Lizotte (Healthy), Radovan Bondra (Healthy), Simon Bourque (Healthy), Mitchell Moroz (Healthy), Jesse Graham (Healthy)
Jake Walman (Healthy), Conner Bleackley (Healthy), Brycen Martin (Healthy), Jaden Lindo (Healthy), Jamie Phillips (Healthy)
Wolfes
5 vs 5 Forward
Center Left Wing Right Wing Time % Phy DF OF
1 Martin Hanzal Blake Pietila Alexandre Grenier 40 1 2 2
2 Kyle Rau Lawson Crouse Max Friberg 30 1 2 2
3 Sebastian Aho Nolan Vesey Benn Ferriero 20 1 2 2
4 Matthew Highmore Eric Robinson Thomas Spelling 10 1 2 2
5 vs 5 Defense
Defense Defense Time % Phy DF OF
1 Jamie Oleksiak Damon Severson 40 1 2 2
2 Jeffrey Foss Joe Morrow 30 1 2 2
3 Anton Lindholm Jakub Zboril 20 1 2 2
4 Jamie Oleksiak Damon Severson 10 1 2 2
PowerPlay Forward
Center Left Wing Right Wing Time % Phy DF OF
1 Martin Hanzal Blake Pietila Alexandre Grenier 60 1 2 2
2 Kyle Rau Lawson Crouse Max Friberg 40 1 2 2
PowerPlay Defense
Defense Defense Time % Phy DF OF
1 Jamie Oleksiak Damon Severson 60 1 2 2
2 Jeffrey Foss Joe Morrow 40 1 2 2
Penalty Kill 4 Players Forward
Center Wing Time % Phy DF OF
1 Martin Hanzal Alexandre Grenier 60 1 2 2
2 Blake Pietila Max Friberg 40 1 2 2
Penalty Kill 4 Players Defense
Defense Defense Time % Phy DF OF
1 Jamie Oleksiak Damon Severson 60 1 2 2
2 Jeffrey Foss Joe Morrow 40 1 2 2
Penalty Kill - 3 Players Forward
Forward Time % Phy DF OF
1 Martin Hanzal 60 1 2 2
2 Alexandre Grenier 40 1 2 2
Penalty Kill - 3 Players Defense
Defense Defense Time % Phy DF OF
1 Jamie Oleksiak Damon Severson 60 1 2 2
2 Jeffrey Foss Joe Morrow 40 1 2 2
4 vs 4 Forward
Center Wing Time % Phy DF OF
1 Martin Hanzal Alexandre Grenier 60 1 2 2
2 Blake Pietila Max Friberg 40 1 2 2
4 vs 4 Defense
Defense Defense Time % Phy DF OF
1 Jamie Oleksiak Damon Severson 60 1 2 2
2 Jeffrey Foss Joe Morrow 40 1 2 2
Last Minutes Offensive
Center Left Wing Right Wing Defense Defense
Martin Hanzal Blake Pietila Alexandre Grenier Jamie Oleksiak Damon Severson
Last Minutes Defensive
Center Left Wing Right Wing Defense Defense
Martin Hanzal Blake Pietila Alexandre Grenier Jamie Oleksiak Damon Severson
Goaltenders
Starting : Laurent Brossoit
Backup : Ebbe Siönäs
Extra Forwards
Normal : Victor Olofsson, Cameron Darcy, Anton Karlsson - PP : Victor Olofsson, Cameron Darcy - PK : Anton Karlsson
Extra Defensemen
Normal : Anton Lindholm, Jakub Zboril, Jeffrey Foss - PP : Anton Lindholm - PK : Jakub Zboril, Jeffrey Foss
Penalty Shots
Martin Hanzal, Alexandre Grenier, Blake Pietila, Max Friberg, Kyle Rau
Scratches
Louis Belpedio (Healthy), Michael Stone (Groin Injury), Kyle Pettit (Healthy), Dylan Sadowy (Healthy)
% Time on Ice - Influenza
Lines # - Real PCT - Wanted PCT - Time Play
Normal Forward
1 - 36% - 40% - 16:32
2 - 26% - 30% - 12:06
3 - 22% - 20% - 10:04
4 - 17% - 10% - 7:46
Normal Defense
1 - 39% - 40% - 18:17
2 - 31% - 30% - 14:19
3 - 26% - 20% - 11:59
4 - 4% - 10% - 1:53
PP Forward
1 - 56% - 60% - 2:01
2 - 44% - 40% - 1:37
PP Defense
1 - 64% - 60% - 2:19
2 - 36% - 40% - 1:19
PK Forward
1 - 82% - 60% - 6:35
2 - 18% - 40% - 1:26
PK Defense
1 - 63% - 60% - 5:05
2 - 37% - 40% - 2:56
PK3 Forward
1 - 100% - 60% - 0:26
2 - 0% - 40% - 0:00
PK3 Defense
1 - 100% - 60% - 0:26
2 - 0% - 40% - 0:00
44 Forward
1 - 100% - 60% - 0:20
2 - 0% - 40% - 0:00
44 Defense
1 - 100% - 60% - 0:20
2 - 0% - 40% - 0:00
Last Minute Offensive - 1:07
Last Minute Defensive - 0:00
Total
Forward - 60:00
Defense - 60:00
|
% Time on Ice - Wolfes
Lines # - Real PCT - Wanted PCT - Time Play
Normal Forward
1 - 32% - 40% - 14:48
2 - 27% - 30% - 12:26
3 - 25% - 20% - 11:47
4 - 16% - 10% - 7:24
Normal Defense
1 - 38% - 40% - 17:47
2 - 32% - 30% - 14:44
3 - 25% - 20% - 11:47
4 - 5% - 10% - 2:07
PP Forward
1 - 51% - 60% - 4:19
2 - 49% - 40% - 4:08
PP Defense
1 - 72% - 60% - 6:06
2 - 28% - 40% - 2:21
PK Forward
1 - 84% - 60% - 3:04
2 - 16% - 40% - 0:34
PK Defense
1 - 67% - 60% - 2:27
2 - 33% - 40% - 1:11
PK3 Forward
1 - 0% - 60%
2 - 0% - 40%
PK3 Defense
1 - 0% - 60%
2 - 0% - 40%
44 Forward
1 - 100% - 60% - 0:20
2 - 0% - 40% - 0:00
44 Defense
1 - 100% - 60% - 0:20
2 - 0% - 40% - 0:00
Last Minute Offensive - 0:00
Last Minute Defensive - 1:10
Total
Forward - 60:00
Defense - 60:00
|
Play-by-Play
1st period
0:01 of 1st period - Justin Bailey wins face-off versus Martin Hanzal in neutral zone.
1:47 of 1st period - Jamie Oleksiak is hit by Pavel Zacha and loses puck.
1:54 of 1st period - Snap shot by JT Compher.
1:54 of 1st period - Goal by JT Compher - Influenza : 1 - Wolfes : 0.
1:55 of 1st period - Max Domi wins face-off versus Martin Hanzal in neutral zone.
3:18 of 1st period - Wrist shot by Ryan Dzingel.
3:18 of 1st period - Stopped by Laurent Brossoit without a rebound.
3:19 of 1st period - Bo Horvat wins face-off versus Martin Hanzal in Wolfes zone.
3:44 of 1st period - Blake Pietila is hit by Brock Boeser.
4:20 of 1st period - Wrist shot by Lucas Lessio.
4:20 of 1st period - Shot Misses the Net.
4:22 of 1st period - Wrist shot by Colton Sissons.
4:22 of 1st period - Shot Misses the Net.
4:24 of 1st period - Wrist shot by Lucas Lessio.
4:24 of 1st period - Shot Misses the Net.
4:26 of 1st period - Snap shot by Lucas Lessio.
4:26 of 1st period - Stopped by Laurent Brossoit with a rebound.
4:28 of 1st period - Slapshot by Mark Giordano.
4:28 of 1st period - Stopped by Laurent Brossoit without a rebound.
4:29 of 1st period - Kyle Rau wins face-off versus Justin Bailey in Wolfes zone.
4:33 of 1st period - Off-side.
4:34 of 1st period - Kyle Rau wins face-off versus Bo Horvat in neutral zone.
5:46 of 1st period - Snap shot by Lucas Lessio.
5:46 of 1st period - Deflect By Colton Sissons.
5:46 of 1st period - Stopped by Laurent Brossoit without a rebound.
5:47 of 1st period - Bo Horvat wins face-off versus Sebastian Aho in Wolfes zone.
6:36 of 1st period - Snap shot by Ryan Dzingel.
6:36 of 1st period - Shot Misses the Net.
6:38 of 1st period - Snap shot by Mark Giordano.
6:38 of 1st period - Stopped by Laurent Brossoit with a rebound.
6:40 of 1st period - Snap shot by Ryan Dzingel.
6:40 of 1st period - Stopped by Laurent Brossoit with a rebound.
6:44 of 1st period - Snap shot by Tom Kuhnhackl.
6:44 of 1st period - Stopped by Laurent Brossoit with a rebound.
7:21 of 1st period - Snap shot by Benn Ferriero.
7:21 of 1st period - Stopped by Malcolm Subban with a rebound.
7:48 of 1st period - Anton Lindholm is hit by Iiro Pakarinen and loses puck.
9:08 of 1st period - Slapshot by JT Compher.
9:08 of 1st period - Deflect By Kyle Rau.
9:08 of 1st period - Shot Blocked by Joe Morrow.
9:08 of 1st period - Puck is out of play.
9:09 of 1st period - Martin Hanzal wins face-off versus Pavel Zacha in Wolfes zone.
9:36 of 1st period - Wrist shot by JT Compher.
9:36 of 1st period - Shot Misses the Net.
9:46 of 1st period - Wrist shot by JT Compher.
9:46 of 1st period - Stopped by Laurent Brossoit without a rebound.
9:47 of 1st period - Max Domi wins face-off versus Kyle Rau in Wolfes zone.
10:08 of 1st period - Mark Giordano is hit by Kyle Rau and loses puck.
10:17 of 1st period - Wrist shot by Max Domi.
10:17 of 1st period - Stopped by Laurent Brossoit with a rebound.
10:19 of 1st period - Backhand shot by Markus Nutivaara.
10:19 of 1st period - Shot Blocked by Joe Morrow.
10:31 of 1st period - Snap shot by Bo Horvat.
10:31 of 1st period - Stopped by Laurent Brossoit with a rebound.
10:33 of 1st period - Slapshot by Markus Nutivaara.
10:33 of 1st period - Stopped by Laurent Brossoit with a rebound.
10:43 of 1st period - Snap shot by Bo Horvat.
10:43 of 1st period - Shot Misses the Net.
11:01 of 1st period - Slapshot by Max Friberg.
11:01 of 1st period - Stopped by Malcolm Subban with a rebound.
11:17 of 1st period - Slapshot by Max Domi.
11:17 of 1st period - Stopped by Laurent Brossoit with a rebound.
11:19 of 1st period - Wrist shot by Bo Horvat.
11:19 of 1st period - Deflect By Max Domi.
11:19 of 1st period - Stopped by Laurent Brossoit without a rebound.
11:20 of 1st period - Martin Hanzal wins face-off versus Pavel Zacha in Wolfes zone.
11:25 of 1st period - Snap shot by Alexandre Grenier.
11:25 of 1st period - Stopped by Malcolm Subban without a rebound.
11:26 of 1st period - Martin Hanzal wins face-off versus Iiro Pakarinen in Influenza zone.
12:03 of 1st period - Snap shot by Benn Ferriero.
12:03 of 1st period - Shot Misses the Net.
12:17 of 1st period - Slapshot by Shane Prince.
12:17 of 1st period - Stopped by Laurent Brossoit without a rebound.
12:18 of 1st period - Martin Hanzal wins face-off versus Shane Prince in Wolfes zone.
12:20 of 1st period - Icing by Blake Pietila.
12:21 of 1st period - Martin Hanzal wins face-off versus Pavel Zacha in Wolfes zone.
12:30 of 1st period - Wrist shot by Blake Pietila.
12:30 of 1st period - Stopped by Malcolm Subban without a rebound.
12:31 of 1st period - Martin Hanzal wins face-off versus Pavel Zacha in Influenza zone.
14:00 of 1st period - Ryan Dzingel is hit by Nolan Vesey and loses puck.
14:09 of 1st period - Slapshot by Markus Nutivaara.
14:09 of 1st period - Deflect By Joe Morrow.
14:09 of 1st period - Stopped by Laurent Brossoit with a rebound.
14:46 of 1st period - Jamie Oleksiak is hit by Bo Horvat and loses puck.
15:08 of 1st period - Slapshot by Damon Severson.
15:08 of 1st period - Deflect By Roland McKeown.
15:08 of 1st period - Stopped by Malcolm Subban with a rebound.
15:19 of 1st period - Anton Lindholm is hit by Pavel Zacha and loses puck.
17:02 of 1st period - Bo Horvat is hit by Max Friberg.
17:37 of 1st period - Tim Erixon is hit by Benn Ferriero and loses puck.
17:44 of 1st period - Snap shot by Ryan Dzingel.
17:44 of 1st period - Stopped by Laurent Brossoit without a rebound.
17:45 of 1st period - Kyle Rau wins face-off versus Bo Horvat in Wolfes zone.
17:50 of 1st period - Slapshot by Damon Severson.
17:50 of 1st period - Shot Misses the Net.
17:52 of 1st period - Snap shot by Max Friberg.
17:52 of 1st period - Shot Blocked by Justin Bailey.
17:54 of 1st period - Wrist shot by Max Friberg.
17:54 of 1st period - Shot Misses the Net.
17:56 of 1st period - Snap shot by Lawson Crouse.
17:56 of 1st period - Shot Misses the Net.
17:58 of 1st period - Slapshot by Kyle Rau.
17:58 of 1st period - Shot Blocked by Bo Horvat.
18:00 of 1st period - Slapshot by Jamie Oleksiak.
18:00 of 1st period - Shot Hit the Post.
18:10 of 1st period - Alexandre Grenier is hit by Iiro Pakarinen and loses puck.
18:21 of 1st period - Wrist shot by Alexandre Grenier.
18:21 of 1st period - Stopped by Malcolm Subban with a rebound.
18:38 of 1st period - Roland McKeown is hit by Jeffrey Foss and loses puck.
19:09 of 1st period - Backhand shot by Kyle Rau.
19:09 of 1st period - Deflect By Max Friberg.
19:09 of 1st period - Stopped by Malcolm Subban without a rebound.
19:10 of 1st period - Shane Prince wins face-off versus Kyle Rau in Influenza zone.
19:10 of 1st period - Shane Prince is hit by Max Friberg.
Goals for this period are 1 for Influenza vs 0 for Wolfes.
Shots for this period are 17 for Influenza vs 7 for Wolfes.
2nd period
0:01 of 2nd period - Martin Hanzal wins face-off versus Bo Horvat in neutral zone.
0:16 of 2nd period - Wrist shot by Bo Horvat.
0:16 of 2nd period - Shot Misses the Net.
0:26 of 2nd period - Damon Severson is hit by Brock Boeser and loses puck.
0:54 of 2nd period - Max Friberg is hit by Pavel Zacha and loses puck.
1:19 of 2nd period - Slapshot by Ryan Dzingel.
1:19 of 2nd period - Shot Misses the Net.
1:51 of 2nd period - Icing by Markus Nutivaara.
1:52 of 2nd period - Lawson Crouse wins face-off versus Colton Sissons in Influenza zone.
1:57 of 2nd period - Snap shot by Max Friberg.
1:57 of 2nd period - Shot Blocked by Markus Nutivaara.
2:05 of 2nd period - Snap shot by Colton Sissons.
2:05 of 2nd period - Shot Hit the Post.
2:07 of 2nd period - Slapshot by Markus Nutivaara.
2:07 of 2nd period - Shot Misses the Net.
2:11 of 2nd period - Slapshot by Lucas Lessio.
2:11 of 2nd period - Shot Blocked by Max Friberg.
2:37 of 2nd period - Wrist shot by Lucas Lessio.
2:37 of 2nd period - Deflect By Colton Sissons.
2:37 of 2nd period - Shot Misses the Net.
2:37 of 2nd period - Puck is out of play.
2:38 of 2nd period - Bo Horvat wins face-off versus Martin Hanzal in Wolfes zone.
3:11 of 2nd period - Wrist shot by JT Compher.
3:11 of 2nd period - Shot Misses the Net.
3:27 of 2nd period - Noah Hanifin is hit by Damon Severson and loses puck.
3:34 of 2nd period - Jamie Oleksiak is hit by Roland McKeown and loses puck.
4:22 of 2nd period - Icing by Mark Giordano.
4:23 of 2nd period - Sebastian Aho wins face-off versus Pavel Zacha in Influenza zone.
4:32 of 2nd period - Snap shot by Alexandre Grenier.
4:32 of 2nd period - Stopped by Malcolm Subban without a rebound.
4:33 of 2nd period - Bo Horvat wins face-off versus Martin Hanzal in Influenza zone.
4:42 of 2nd period - Wrist shot by Bo Horvat.
4:42 of 2nd period - Shot Misses the Net.
4:44 of 2nd period - Slapshot by Bo Horvat.
4:44 of 2nd period - Stopped by Laurent Brossoit with a rebound.
5:05 of 2nd period - Minor Penalty to Iiro Pakarinen for Roughing.
5:06 of 2nd period - Martin Hanzal wins face-off versus Colton Sissons in Influenza zone.
5:47 of 2nd period - Snap shot by Blake Pietila.
5:47 of 2nd period - Stopped by Malcolm Subban with a rebound.
5:49 of 2nd period - Wrist shot by Jamie Oleksiak.
5:49 of 2nd period - Stopped by Malcolm Subban without a rebound.
5:50 of 2nd period - Colton Sissons wins face-off versus Kyle Rau in Influenza zone.
5:56 of 2nd period - Icing by Lawson Crouse.
5:57 of 2nd period - Bo Horvat wins face-off versus Kyle Rau in Wolfes zone.
6:00 of 2nd period - Backhand shot by Lucas Lessio.
6:00 of 2nd period - Goal by Lucas Lessio - Influenza : 2 - Wolfes : 0.
6:01 of 2nd period - Colton Sissons wins face-off versus Alexandre Grenier in neutral zone.
6:45 of 2nd period - Slapshot by Tom Kuhnhackl.
6:45 of 2nd period - Stopped by Laurent Brossoit with a rebound.
6:47 of 2nd period - Backhand shot by Dmitry Sinitsyn.
6:47 of 2nd period - Deflect By Colton Sissons.
6:47 of 2nd period - Shot Blocked by Max Friberg.
6:47 of 2nd period - Puck is out of play.
6:48 of 2nd period - Martin Hanzal wins face-off versus Bo Horvat in Wolfes zone.
6:50 of 2nd period - Minor Penalty to Martin Hanzal for Interference.
6:51 of 2nd period - Victor Olofsson wins face-off versus Bo Horvat in Wolfes zone.
7:05 of 2nd period - Penalty to Iiro Pakarinen is over, Iiro Pakarinen is back on ice.
7:14 of 2nd period - Snap shot by Bo Horvat.
7:14 of 2nd period - Shot Blocked by Damon Severson.
7:38 of 2nd period - Snap shot by Alexandre Grenier.
7:38 of 2nd period - Goal by Alexandre Grenier - Influenza : 2 - Wolfes : 1.
7:39 of 2nd period - Anton Karlsson wins face-off versus Pavel Zacha in neutral zone.
7:47 of 2nd period - Jamie Oleksiak is hit by Mark Giordano and loses puck.
8:19 of 2nd period - Slapshot by Jamie Oleksiak.
8:19 of 2nd period - Stopped by Malcolm Subban without a rebound.
8:20 of 2nd period - Sebastian Aho wins face-off versus Pavel Zacha in Influenza zone.
8:25 of 2nd period - Wrist shot by Lawson Crouse.
8:25 of 2nd period - Stopped by Malcolm Subban with a rebound.
8:43 of 2nd period - Minor Penalty to Pavel Zacha for Interference.
8:44 of 2nd period - Victor Olofsson wins face-off versus Bo Horvat in Influenza zone.
8:50 of 2nd period - Penalty to Martin Hanzal is over, Martin Hanzal is back on ice.
9:02 of 2nd period - Slapshot by Martin Hanzal.
9:02 of 2nd period - Shot Blocked by Mark Giordano.
9:04 of 2nd period - Wrist shot by Alexandre Grenier.
9:04 of 2nd period - Shot Misses the Net.
9:06 of 2nd period - Backhand shot by Alexandre Grenier.
9:06 of 2nd period - Stopped by Malcolm Subban without a rebound.
9:07 of 2nd period - Kyle Rau wins face-off versus Colton Sissons in Influenza zone.
9:10 of 2nd period - Wrist shot by Kyle Rau.
9:10 of 2nd period - Stopped by Malcolm Subban without a rebound.
9:11 of 2nd period - Colton Sissons wins face-off versus Kyle Rau in Influenza zone.
9:39 of 2nd period - Minor Penalty to Colton Sissons for Hooking.
9:40 of 2nd period - Iiro Pakarinen wins face-off versus Martin Hanzal in Influenza zone.
9:40 of 2nd period - Iiro Pakarinen is hit by Blake Pietila.
9:55 of 2nd period - Snap shot by Martin Hanzal.
9:55 of 2nd period - Stopped by Malcolm Subban with a rebound.
9:57 of 2nd period - Slapshot by Damon Severson.
9:57 of 2nd period - Wolfes goal is going for a video replay.
9:57 of 2nd period - The goal is refused. The puck has been kicked using a distinct kicking motion..
9:58 of 2nd period - Kyle Rau wins face-off versus Iiro Pakarinen in Influenza zone.
9:59 of 2nd period - Snap shot by Max Friberg.
9:59 of 2nd period - Shot Blocked by Mark Giordano.
10:01 of 2nd period - Snap shot by Kyle Rau.
10:01 of 2nd period - Shot Misses the Net.
10:03 of 2nd period - Slapshot by Lawson Crouse.
10:03 of 2nd period - Shot Misses the Net.
10:05 of 2nd period - Snap shot by Max Friberg.
10:05 of 2nd period - Goal by Max Friberg - Influenza : 2 - Wolfes : 2.
10:06 of 2nd period - Iiro Pakarinen wins face-off versus Martin Hanzal in neutral zone.
10:18 of 2nd period - Slapshot by Tom Kuhnhackl.
10:18 of 2nd period - Shot Misses the Net.
11:33 of 2nd period - Wrist shot by Jamie Oleksiak.
11:33 of 2nd period - Goal by Jamie Oleksiak - Influenza : 2 - Wolfes : 3.
11:34 of 2nd period - Bo Horvat wins face-off versus Martin Hanzal in neutral zone.
11:39 of 2nd period - Snap shot by Bo Horvat.
11:39 of 2nd period - Shot Blocked by Alexandre Grenier.
12:05 of 2nd period - Jeffrey Foss is hit by Tim Erixon and loses puck.
12:22 of 2nd period - Minor Penalty to Nolan Vesey for Tripping.
12:23 of 2nd period - Martin Hanzal wins face-off versus Bo Horvat in Wolfes zone.
12:48 of 2nd period - Wrist shot by JT Compher.
12:48 of 2nd period - Shot Misses the Net.
12:50 of 2nd period - Snap shot by Pavel Zacha.
12:50 of 2nd period - Shot Misses the Net.
12:52 of 2nd period - Wrist shot by Pavel Zacha.
12:52 of 2nd period - Stopped by Laurent Brossoit with a rebound.
12:54 of 2nd period - Slapshot by Tim Erixon.
12:54 of 2nd period - Shot Blocked by Alexandre Grenier.
12:56 of 2nd period - Slapshot by Tim Erixon.
12:56 of 2nd period - Stopped by Laurent Brossoit without a rebound.
12:57 of 2nd period - Martin Hanzal wins face-off versus Bo Horvat in Wolfes zone.
13:32 of 2nd period - Wrist shot by Iiro Pakarinen.
13:32 of 2nd period - Shot Misses the Net.
14:22 of 2nd period - Penalty to Nolan Vesey is over, Nolan Vesey is back on ice.
14:50 of 2nd period - Dmitry Sinitsyn is hit by Benn Ferriero and loses puck.
15:19 of 2nd period - Wrist shot by Lawson Crouse.
15:19 of 2nd period - Shot Misses the Net.
15:26 of 2nd period - Icing by Colton Sissons.
15:27 of 2nd period - Matthew Highmore wins face-off versus Shane Prince in Influenza zone.
15:52 of 2nd period - Noah Hanifin is hit by Blake Pietila and loses puck.
15:59 of 2nd period - Wrist shot by Alexandre Grenier.
15:59 of 2nd period - Shot Misses the Net.
16:31 of 2nd period - Markus Nutivaara is hit by Jamie Oleksiak and loses puck.
16:55 of 2nd period - Joe Morrow is hit by Mark Giordano and loses puck.
17:32 of 2nd period - Snap shot by Iiro Pakarinen.
17:32 of 2nd period - Shot Misses the Net.
17:34 of 2nd period - Snap shot by JT Compher.
17:34 of 2nd period - Stopped by Laurent Brossoit with a rebound.
17:36 of 2nd period - Snap shot by Pavel Zacha.
17:36 of 2nd period - Stopped by Laurent Brossoit with a rebound.
17:38 of 2nd period - Slapshot by Markus Nutivaara.
17:38 of 2nd period - Stopped by Laurent Brossoit without a rebound.
17:39 of 2nd period - Kyle Rau wins face-off versus Bo Horvat in Wolfes zone.
18:00 of 2nd period - Jeffrey Foss is hit by Mark Giordano.
18:04 of 2nd period - Mark Giordano is hit by Max Friberg and loses puck.
18:22 of 2nd period - Off-side.
18:23 of 2nd period - Martin Hanzal wins face-off versus Pavel Zacha in neutral zone.
18:50 of 2nd period - Dmitry Sinitsyn is hit by Jamie Oleksiak and loses puck.
19:33 of 2nd period - Slapshot by Sebastian Aho.
19:33 of 2nd period - Shot Misses the Net.
19:35 of 2nd period - Wrist shot by Benn Ferriero.
19:35 of 2nd period - Shot Blocked by Mark Giordano.
19:37 of 2nd period - Snap shot by Nolan Vesey.
19:37 of 2nd period - Shot Blocked by Iiro Pakarinen.
19:43 of 2nd period - Snap shot by Sebastian Aho.
19:43 of 2nd period - Stopped by Malcolm Subban with a rebound.
19:45 of 2nd period - Wrist shot by Nolan Vesey.
19:45 of 2nd period - Stopped by Malcolm Subban with a rebound.
19:47 of 2nd period - Wrist shot by Benn Ferriero.
19:47 of 2nd period - Shot Blocked by Markus Nutivaara.
19:49 of 2nd period - Slapshot by Jamie Oleksiak.
19:49 of 2nd period - Shot Blocked by Markus Nutivaara.
19:51 of 2nd period - Slapshot by Damon Severson.
19:51 of 2nd period - Stopped by Malcolm Subban with a rebound.
19:53 of 2nd period - Snap shot by Nolan Vesey.
19:53 of 2nd period - Stopped by Malcolm Subban without a rebound.
19:54 of 2nd period - Martin Hanzal wins face-off versus Bo Horvat in Influenza zone.
Goals for this period are 1 for Influenza vs 3 for Wolfes.
Shots for this period are 8 for Influenza vs 16 for Wolfes.
3rd period
0:01 of 3rd period - Martin Hanzal wins face-off versus Bo Horvat in neutral zone.
0:03 of 3rd period - Off-side.
0:04 of 3rd period - Bo Horvat wins face-off versus Martin Hanzal in neutral zone.
0:47 of 3rd period - Colton Sissons is hit by Alexandre Grenier and loses puck.
0:58 of 3rd period - Markus Nutivaara is hit by Damon Severson and loses puck.
1:08 of 3rd period - Snap shot by Alexandre Grenier.
1:08 of 3rd period - Stopped by Malcolm Subban with a rebound.
1:16 of 3rd period - Snap shot by Martin Hanzal.
1:16 of 3rd period - Stopped by Malcolm Subban without a rebound.
1:17 of 3rd period - Bo Horvat wins face-off versus Lawson Crouse in Influenza zone.
1:17 of 3rd period - Bo Horvat is hit by Joe Morrow.
2:11 of 3rd period - Wrist shot by Shane Prince.
2:11 of 3rd period - Stopped by Laurent Brossoit with a rebound.
2:25 of 3rd period - Wrist shot by Benn Ferriero.
2:25 of 3rd period - Shot Blocked by Roland McKeown.
2:27 of 3rd period - Slapshot by Nolan Vesey.
2:27 of 3rd period - Deflect By Benn Ferriero.
2:27 of 3rd period - Shot Misses the Net.
2:27 of 3rd period - Puck is out of play.
2:28 of 3rd period - Bo Horvat wins face-off versus Kyle Rau in Influenza zone.
3:00 of 3rd period - Wrist shot by Thomas Spelling.
3:00 of 3rd period - Stopped by Malcolm Subban with a rebound.
3:02 of 3rd period - Slapshot by Jamie Oleksiak.
3:02 of 3rd period - Stopped by Malcolm Subban without a rebound.
3:03 of 3rd period - Pavel Zacha wins face-off versus Martin Hanzal in Influenza zone.
3:12 of 3rd period - Blake Pietila is hit by Tim Erixon and loses puck.
3:29 of 3rd period - Kyle Rau is hit by Bo Horvat and loses puck.
4:19 of 3rd period - Snap shot by Colton Sissons.
4:19 of 3rd period - Stopped by Laurent Brossoit without a rebound.
4:20 of 3rd period - Bo Horvat wins face-off versus Alexandre Grenier in Wolfes zone.
4:27 of 3rd period - Mark Giordano is hit by Alexandre Grenier and loses puck.
4:53 of 3rd period - Snap shot by Iiro Pakarinen.
4:53 of 3rd period - Shot Blocked by Joe Morrow.
4:55 of 3rd period - Snap shot by JT Compher.
4:55 of 3rd period - Shot Misses the Net.
5:14 of 3rd period - Slapshot by Tom Kuhnhackl.
5:14 of 3rd period - Stopped by Laurent Brossoit with a rebound.
5:28 of 3rd period - Snap shot by Lucas Lessio.
5:28 of 3rd period - Shot Misses the Net.
5:48 of 3rd period - Jamie Oleksiak is hit by Bo Horvat and loses puck.
6:19 of 3rd period - Snap shot by Martin Hanzal.
6:19 of 3rd period - Shot Blocked by Dmitry Sinitsyn.
6:23 of 3rd period - Snap shot by Alexandre Grenier.
6:23 of 3rd period - Stopped by Malcolm Subban without a rebound.
6:24 of 3rd period - Bo Horvat wins face-off versus Kyle Rau in Influenza zone.
6:35 of 3rd period - Wrist shot by Max Domi.
6:35 of 3rd period - Shot Misses the Net.
6:37 of 3rd period - Slapshot by Noah Hanifin.
6:37 of 3rd period - Stopped by Laurent Brossoit with a rebound.
6:59 of 3rd period - Slapshot by Sebastian Aho.
6:59 of 3rd period - Shot Blocked by Mark Giordano.
7:05 of 3rd period - Minor Penalty to Pavel Zacha for Hooking.
7:06 of 3rd period - Tom Kuhnhackl wins face-off versus Martin Hanzal in Influenza zone.
7:33 of 3rd period - Tom Kuhnhackl is hit by Damon Severson and loses puck.
9:05 of 3rd period - Penalty to Pavel Zacha is over, Pavel Zacha is back on ice.
9:10 of 3rd period - Slapshot by Iiro Pakarinen.
9:10 of 3rd period - Shot Misses the Net.
9:12 of 3rd period - Slapshot by Tim Erixon.
9:12 of 3rd period - Shot Misses the Net.
9:20 of 3rd period - Wrist shot by Tom Kuhnhackl.
9:20 of 3rd period - Shot Misses the Net.
9:40 of 3rd period - Snap shot by Iiro Pakarinen.
9:40 of 3rd period - Stopped by Laurent Brossoit with a rebound.
9:42 of 3rd period - Slapshot by Tim Erixon.
9:42 of 3rd period - Shot Blocked by Benn Ferriero.
9:44 of 3rd period - Snap shot by Tom Kuhnhackl.
9:44 of 3rd period - Shot Misses the Net.
9:46 of 3rd period - Slapshot by Tom Kuhnhackl.
9:46 of 3rd period - Shot Misses the Net.
9:48 of 3rd period - Snap shot by Pavel Zacha.
9:48 of 3rd period - Shot Misses the Net.
9:50 of 3rd period - Snap shot by Tim Erixon.
9:50 of 3rd period - Deflect By Pavel Zacha.
9:50 of 3rd period - Stopped by Laurent Brossoit with a rebound.
9:52 of 3rd period - Wrist shot by Tim Erixon.
9:52 of 3rd period - Shot Misses the Net.
10:00 of 3rd period - Slapshot by Tom Kuhnhackl.
10:00 of 3rd period - Shot Blocked by Sebastian Aho.
10:14 of 3rd period - Snap shot by Tom Kuhnhackl.
10:14 of 3rd period - Stopped by Laurent Brossoit without a rebound.
10:15 of 3rd period - Martin Hanzal wins face-off versus Bo Horvat in Wolfes zone.
12:43 of 3rd period - Justin Bailey is hit by Blake Pietila and loses puck.
12:54 of 3rd period - Jakub Zboril is hit by Ryan Dzingel and loses puck.
13:15 of 3rd period - Dmitry Sinitsyn is hit by Sebastian Aho.
13:37 of 3rd period - Snap shot by Thomas Spelling.
13:37 of 3rd period - Shot Misses the Net.
13:54 of 3rd period - Dmitry Sinitsyn is hit by Max Friberg and loses puck.
14:05 of 3rd period - Tim Erixon is hit by Sebastian Aho and loses puck.
14:49 of 3rd period - Wrist shot by Kyle Rau.
14:49 of 3rd period - Stopped by Malcolm Subban with a rebound.
14:51 of 3rd period - Snap shot by Max Friberg.
14:51 of 3rd period - Stopped by Malcolm Subban without a rebound.
14:52 of 3rd period - Kyle Rau wins face-off versus Bo Horvat in Influenza zone.
14:55 of 3rd period - Wrist shot by Max Friberg.
14:55 of 3rd period - Stopped by Malcolm Subban without a rebound.
14:56 of 3rd period - Martin Hanzal wins face-off versus Bo Horvat in Influenza zone.
14:59 of 3rd period - Wrist shot by Alexandre Grenier.
14:59 of 3rd period - Stopped by Malcolm Subban with a rebound.
15:01 of 3rd period - Slapshot by Damon Severson.
15:01 of 3rd period - Deflect By Martin Hanzal.
15:01 of 3rd period - Stopped by Malcolm Subban without a rebound.
15:02 of 3rd period - Martin Hanzal wins face-off versus Bo Horvat in Influenza zone.
15:19 of 3rd period - Slapshot by Jamie Oleksiak.
15:19 of 3rd period - Stopped by Malcolm Subban without a rebound.
15:20 of 3rd period - Kyle Rau wins face-off versus Colton Sissons in Influenza zone.
15:21 of 3rd period - Snap shot by Max Friberg.
15:21 of 3rd period - Stopped by Malcolm Subban with a rebound.
15:45 of 3rd period - Bo Horvat is hit by Damon Severson and loses puck.
16:09 of 3rd period - Off-side.
16:10 of 3rd period - Pavel Zacha wins face-off versus Sebastian Aho in neutral zone.
16:29 of 3rd period - Minor Penalty to Dmitry Sinitsyn for Interference.
16:30 of 3rd period - Blake Pietila wins face-off versus Colton Sissons in Influenza zone.
18:29 of 3rd period - Penalty to Dmitry Sinitsyn is over, Dmitry Sinitsyn is back on ice.
18:56 of 3rd period - Influenza, Malcolm Subban is pulled from the net.
18:58 of 3rd period - Snap shot by Iiro Pakarinen.
18:58 of 3rd period - Shot Blocked by Jakub Zboril.
19:00 of 3rd period - Wrist shot by Roland McKeown.
19:00 of 3rd period - Stopped by Laurent Brossoit without a rebound.
19:01 of 3rd period - Bob Hartley call a timeout for Influenza.
19:01 of 3rd period - Martin Hanzal wins face-off versus Bo Horvat in Wolfes zone.
19:07 of 3rd period - Icing by Damon Severson.
19:08 of 3rd period - Bo Horvat wins face-off versus Martin Hanzal in Wolfes zone.
19:19 of 3rd period - Snap shot by Iiro Pakarinen.
19:19 of 3rd period - Stopped by Laurent Brossoit with a rebound.
19:27 of 3rd period - Snap shot by Iiro Pakarinen.
19:27 of 3rd period - Shot Blocked by Damon Severson.
19:29 of 3rd period - Snap shot by Bo Horvat.
19:29 of 3rd period - Stopped by Laurent Brossoit without a rebound.
19:30 of 3rd period - Martin Hanzal wins face-off versus Iiro Pakarinen in Wolfes zone.
19:41 of 3rd period - Slapshot by Max Domi.
19:41 of 3rd period - Shot Blocked by Damon Severson.
19:43 of 3rd period - Snap shot by Bo Horvat.
19:43 of 3rd period - Stopped by Laurent Brossoit with a rebound.
19:45 of 3rd period - Wrist shot by Max Domi.
19:45 of 3rd period - Shot Misses the Net.
19:47 of 3rd period - Slapshot by Max Domi.
19:47 of 3rd period - Shot Misses the Net.
Goals for this period are 0 for Influenza vs 0 for Wolfes.
Shots for this period are 11 for Influenza vs 12 for Wolfes.